PBL
MIAMI BEACH MARLINS @ TIJUANA TOROS
10/20/2048
 
TOP OF THE 1ST
Albuquerque Isotopes batting - Pitching for Memphis Redbirds : RHP Derek White
Pitching: RHP Derek White
Batting: LHB Pablo Cardona 0-0: Ball
1-0: Foul Ball, location: 2F
1-1: Ball
2-1: Called Strike
2-2: Strikes out swinging
Batting: LHB Gabe Harvey 0-0: Ball
1-0: Swinging Strike
1-1: Ball
2-1: Ground out 4-3 (Groundball, 4, EV 85.6 MPH)
Batting: RHB Mike Thornton 0-0: Ball
1-0: Called Strike
1-1: Ball
2-1: Foul Ball, location: 2F
2-2: Ball
3-2: Fly out, F9 (Flyball, 9, EV 91.2 MPH)
Top of the 1st over - 0 runs, 0 hits, 0 errors, 0 left on base; Albuquerque 0 - Memphis 0
BOTTOM OF THE 1ST
Memphis Redbirds batting - Pitching for Albuquerque Isotopes : RHP Jonathon Crunk
Pitching: RHP Jonathon Crunk
Batting: SHB Luke Robbins 0-0: Fly out, F9 (Flyball, 9, EV 91.2 MPH)
Batting: RHB Dustin Clark 0-0: Called Strike
0-1: Ball
1-1: Ground out U3 (Groundball, 23, EV 88.8 MPH)
Batting: LHB Frank Hill 0-0: Ground out 6-3 (Groundball, 6, EV 102.5 MPH)
Bottom of the 1st over - 0 runs, 0 hits, 0 errors, 0 left on base; Albuquerque 0 - Memphis 0
TOP OF THE 2ND
Albuquerque Isotopes batting - Pitching for Memphis Redbirds : RHP Derek White
Batting: RHB Ron Johansen 0-0: Called Strike
0-1: Ground out 4-3 (Groundball, 4MD, EV 104.4 MPH)
Batting: RHB Joe LaDue 0-0: Ground out 4-3 (Groundball, 4, EV 86.2 MPH)
Batting: SHB Mitchell Greene 0-0: Ball
1-0: Called Strike
1-1: Fly out, F6 (Popup, 6M, EV 63.8 MPH)
Top of the 2nd over - 0 runs, 0 hits, 0 errors, 0 left on base; Albuquerque 0 - Memphis 0
BOTTOM OF THE 2ND
Memphis Redbirds batting - Pitching for Albuquerque Isotopes : RHP Jonathon Crunk
Batting: SHB Hans Mikkelsen 0-0: Called Strike
0-1: Ball
1-1: Called Strike
1-2: SINGLE (Flyball, 34D, EV 90.0 MPH)
Batting: RHB Danny Gallo 0-0: Ball
1-0: Ball
2-0: Called Strike
Hans Mikkelsen steals 2nd base (no throw)
2-1: Ball
3-1: Fly out, F7 (Flyball, 7S, EV 88.8 MPH)
Batting: LHB Ichiro Toyota 0-0: Ball
1-0: Ball
Hans Mikkelsen steals 3rd base
2-0: Fly out, F8 (Flyball, 8RM, EV 90.0 MPH)
Runner from 3rd tags up, OUT at HOME! 8-2
Bottom of the 2nd over - 0 runs, 1 hit, 0 errors, 0 left on base; Albuquerque 0 - Memphis 0
TOP OF THE 3RD
Albuquerque Isotopes batting - Pitching for Memphis Redbirds : RHP Derek White
Batting: RHB Eddie McCoy 0-0: Called Strike
0-1: Foul Ball, location: 2F
0-2: Ball
1-2: Ball
2-2: Foul Ball, location: 2F
2-2: Foul Ball, location: 2F
2-2: Ball
3-2: Ground out 6-3 (Groundball, 6, EV 85.6 MPH)
Batting: RHB John Freeman 0-0: Ball
1-0: Fly out, F7 (Flyball, 78M, EV 95.0 MPH)
Batting: RHB Bobby Heagle 0-0: Called Strike
0-1: Ground out 5-3 (Groundball, 56, EV 83.1 MPH)
Top of the 3rd over - 0 runs, 0 hits, 0 errors, 0 left on base; Albuquerque 0 - Memphis 0
BOTTOM OF THE 3RD
Memphis Redbirds batting - Pitching for Albuquerque Isotopes : RHP Jonathon Crunk
Batting: RHB Mark Cahill 0-0: Foul Ball, location: 2F
0-1: Called Strike
0-2: Fly out, F8 (Line Drive, 8LM, EV 102.5 MPH)
Batting: SHB Jason Kirby 0-0: Ball
1-0: Fly out, F7 (Flyball, 7D, EV 101.2 MPH)
Batting: RHB Jose Rivera 0-0: Ball
1-0: Fly out, F8 (Flyball, 8RD, EV 83.1 MPH)
Bottom of the 3rd over - 0 runs, 0 hits, 0 errors, 0 left on base; Albuquerque 0 - Memphis 0
TOP OF THE 4TH
Albuquerque Isotopes batting - Pitching for Memphis Redbirds : RHP Derek White
Batting: LHB Pablo Cardona 0-0: Ball
1-0: SINGLE (Line Drive, 7S, EV 96.2 MPH)
Batting: LHB Gabe Harvey 0-0: Foul Ball, location: 2F
0-1: Called Strike
0-2: Ball
1-2: Strikes out swinging
Batting: RHB Mike Thornton 0-0: Ball
1-0: Swinging Strike
1-1: Foul Ball, location: 2F
1-2: Strikes out swinging
Batting: RHB Ron Johansen 0-0: Ball
1-0: Called Strike
1-1: Ball
2-1: Ground out 1-3 (Groundball, 15S, EV 63.1 MPH)
Top of the 4th over - 0 runs, 1 hit, 0 errors, 1 left on base; Albuquerque 0 - Memphis 0
BOTTOM OF THE 4TH
Memphis Redbirds batting - Pitching for Albuquerque Isotopes : RHP Jonathon Crunk
Batting: SHB Luke Robbins 0-0: Ball
1-0: SINGLE (Flyball, 7S, EV 86.2 MPH)
Batting: RHB Dustin Clark 0-0: Ball
1-0: Foul Ball, location: 2F
1-1: Ball
2-1: Ball
3-1: Base on Balls
Luke Robbins to second
Batting: LHB Frank Hill 0-0: Ball
1-0: Reached on error, E6 (Groundball, 6, EV 88.8 MPH)
Luke Robbins to third
Dustin Clark to second
Batting: SHB Hans Mikkelsen 0-0: Ball
1-0: Grounds into fielders choice 4-2 (Groundball, 34, EV 85.6 MPH)
Dustin Clark to third
Frank Hill to second
Batting: RHB Danny Gallo 0-0: Ball
1-0: Foul Ball, location: 2F
1-1: Swinging Strike
1-2: Ball
2-2: Fly out, F3 (Line Drive, 3, EV 68.8 MPH)
Batting: LHB Ichiro Toyota 0-0: Ball
1-0: Ground out 4-3 (Groundball, 34D, EV 88.1 MPH)
Bottom of the 4th over - 0 runs, 1 hit, 1 error, 3 left on base; Albuquerque 0 - Memphis 0
TOP OF THE 5TH
Albuquerque Isotopes batting - Pitching for Memphis Redbirds : RHP Derek White
Batting: RHB Joe LaDue 0-0: Ball
1-0: Ball
2-0: Swinging Strike
2-1: Foul Ball, location: 2F
2-2: Ball
3-2: Strikes out swinging
Batting: SHB Mitchell Greene 0-0: Called Strike
0-1: Foul Ball, location: 2F
0-2: Ground out 4-3 (Groundball, 4, EV 96.2 MPH)
Batting: RHB Eddie McCoy 0-0: Ball
1-0: Ball
2-0: Foul Ball, location: 2F
2-1: Foul Ball, location: 2F
2-2: Ball
3-2: SINGLE (Groundball, 6MD, EV 104.4 MPH)
Batting: RHB John Freeman 0-0: Ball
1-0: Ball
2-0: Foul Ball, location: 2F
2-1: Swinging Strike
2-2: Ball
3-2: Fly out, F9 (Line Drive, 89S, EV 95.0 MPH)
Top of the 5th over - 0 runs, 1 hit, 0 errors, 1 left on base; Albuquerque 0 - Memphis 0
BOTTOM OF THE 5TH
Memphis Redbirds batting - Pitching for Albuquerque Isotopes : RHP Jonathon Crunk
Batting: RHB Mark Cahill 0-0: Ball
1-0: Foul Ball, location: 2F
1-1: Ball
2-1: Swinging Strike
2-2: Ball
3-2: Base on Balls
Batting: SHB Jason Kirby 0-0: Called Strike
0-1: Fly out, F4 (Popup, 4M, EV 65.0 MPH)
Batting: RHB Jose Rivera 0-0: Called Strike
0-1: Called Strike
0-2: Strikes out looking
Batting: SHB Luke Robbins 0-0: Ball
Mark Cahill steals 2nd base (no throw)
1-0: Ball
2-0: Swinging Strike
2-1: Swinging Strike
2-2: Foul Ball, location: 2F
2-2: Ball
3-2: Base on Balls
Batting: RHB Dustin Clark 0-0: Called Strike
0-1: Ball
1-1: Foul Ball, location: 2F
1-2: Strikes out swinging
Bottom of the 5th over - 0 runs, 0 hits, 0 errors, 2 left on base; Albuquerque 0 - Memphis 0
TOP OF THE 6TH
Albuquerque Isotopes batting - Pitching for Memphis Redbirds : RHP Derek White
Batting: RHB Bobby Heagle 0-0: Ball
1-0: Foul Ball, location: 2F
1-1: Foul Ball, location: 2F
1-2: Ball
2-2: Strikes out swinging
Batting: LHB Pablo Cardona 0-0: Called Strike
0-1: Ball
1-1: Ball
2-1: Foul Ball, location: 2F
2-2: SINGLE (Line Drive, 89S, EV 107.5 MPH)
Batting: LHB Gabe Harvey 0-0: Ball
1-0: Ball
2-0: Grounds into double play, 4-6-3 (Groundball, 4, EV 91.9 MPH)
Top of the 6th over - 0 runs, 1 hit, 0 errors, 0 left on base; Albuquerque 0 - Memphis 0
BOTTOM OF THE 6TH
Memphis Redbirds batting - Pitching for Albuquerque Isotopes : RHP Jonathon Crunk
Batting: LHB Frank Hill 0-0: Ground out 4-3 (Groundball, 34D, EV 101.9 MPH)
Batting: SHB Hans Mikkelsen 0-0: Called Strike
0-1: Ground out 4-3 (Groundball, 4, EV 93.1 MPH)
Batting: RHB Danny Gallo 0-0: TRIPLE (Line Drive, 89XD, EV 109.4 MPH)
Batting: LHB Ichiro Toyota 0-0: Ball
1-0: Ball
2-0: Ball
3-0: Base on Balls
Batting: RHB Mark Cahill 0-0: Ball
1-0: Ground out 1-3 (Groundball, 34S, EV 71.2 MPH)
Bottom of the 6th over - 0 runs, 1 hit, 0 errors, 2 left on base; Albuquerque 0 - Memphis 0
TOP OF THE 7TH
Albuquerque Isotopes batting - Pitching for Memphis Redbirds : RHP Derek White
Batting: RHB Mike Thornton 0-0: SINGLE (Line Drive, 8RS, EV 105.0 MPH)
Batting: RHB Ron Johansen 0-0: Ball
1-0: Called Strike
1-1: Ball
2-1: Foul Ball, location: 2F
2-2: Strikes out looking
Batting: RHB Joe LaDue 0-0: Ball
1-0: Swinging Strike
1-1: Ball
2-1: Foul Ball, location: 2F
2-2: Foul Ball, location: 2F
2-2: Foul Ball, location: 2F
2-2: Ball
3-2: Strikes out swinging
Batting: SHB Mitchell Greene 0-0: Ball
Mike Thornton steals 2nd base
1-0: Called Strike
1-1: Foul Ball, location: 2F
1-2: Strikes out looking
Top of the 7th over - 0 runs, 1 hit, 0 errors, 1 left on base; Albuquerque 0 - Memphis 0
BOTTOM OF THE 7TH
Memphis Redbirds batting - Pitching for Albuquerque Isotopes : RHP Jonathon Crunk
Batting: SHB Jason Kirby 0-0: Ball
1-0: Called Strike
1-1: Ball
2-1: Called Strike
2-2: SINGLE (Flyball, 6MD, EV 87.5 MPH)
Batting: RHB Jose Rivera 0-0: Called Strike
0-1: Ball
1-1: Foul Ball, location: 2F
1-2: Foul Ball, location: 2F
1-2: Strikes out looking
Batting: SHB Luke Robbins 0-0: Called Strike
Jason Kirby is caught stealing 2nd base 2-6
0-1: Swinging Strike
0-2: Ball
1-2: Foul Ball, location: 2F
1-2: Foul Ball, location: 2F
1-2: Ball
2-2: Strikes out swinging
Bottom of the 7th over - 0 runs, 1 hit, 0 errors, 0 left on base; Albuquerque 0 - Memphis 0
TOP OF THE 8TH
Albuquerque Isotopes batting - Pitching for Memphis Redbirds : RHP Derek White
Pitching: RHP Ben Cook
Batting: RHB Eddie McCoy 0-0: Ball
1-0: Ball
2-0: Called Strike
2-1: Swinging Strike
2-2: Foul Ball, location: 2F
2-2: Foul Ball, location: 2F
2-2: Foul Ball, location: 2F
2-2: SINGLE (Line Drive, 7S, EV 90.6 MPH)
Pinch Hitting: LHB Katsunan Akimoto 0-0: Bunted foul
0-1: Ball
1-1: Bunt missed!
1-2: Foul Ball, location: 2F
1-2: Grounds into double play, 1-6-3 (Groundball, 13, EV 62.5 MPH)
Batting: RHB Bobby Heagle 0-0: Called Strike
0-1: Foul Ball, location: 2F
0-2: Foul Ball, location: 2F
0-2: Strikes out looking
Top of the 8th over - 0 runs, 1 hit, 0 errors, 0 left on base; Albuquerque 0 - Memphis 0
BOTTOM OF THE 8TH
Memphis Redbirds batting - Pitching for Albuquerque Isotopes : RHP Jonathon Crunk
Now in CF: Logan Morgan
Batting: RHB Dustin Clark 0-0: Foul Ball, location: 2F
0-1: Ball
1-1: Ball
2-1: Swinging Strike
2-2: SINGLE (Flyball, 89S, EV 93.1 MPH)
Pitching: LHP Trevor Sharp
Pinch Hitting: RHB Rick O'Reilly 0-0: Called Strike
0-1: Foul Ball, location: 2F
0-2: Fly out, F5 (Popup, 15, EV 75.6 MPH)
Batting: SHB Hans Mikkelsen 0-0: Ball
1-0: Called Strike
1-1: Swinging Strike
1-2: Ball
2-2: Foul Ball, location: 2F
2-2: Ball
3-2: Foul Ball, location: 2F
3-2: Strikes out looking
Dustin Clark is caught stealing 2nd base 2-4
Batter strikes out.
Bottom of the 8th over - 0 runs, 1 hit, 0 errors, 0 left on base; Albuquerque 0 - Memphis 0
TOP OF THE 9TH
Albuquerque Isotopes batting - Pitching for Memphis Redbirds : RHP Ben Cook
Pitching: RHP Mike Pemble
Now at 2B: Rick O'Reilly
Now in LF: Danny Gallo
Batting: LHB Pablo Cardona 0-0: Ball
1-0: Foul Ball, location: 2F
1-1: Ball
2-1: Ball
3-1: Ground out 4-3 (Groundball, P, EV 80.0 MPH)
Batting: LHB Gabe Harvey 0-0: Ball
1-0: Ball
2-0: DOUBLE (Groundball, 3L, EV 108.8 MPH)
Batting: RHB Mike Thornton 0-0: Called Strike
0-1: 2-RUN HOME RUN (Line Drive, 7D, EV 100.0 MPH), Distance : 382 ft
Batting: RHB Ron Johansen 0-0: Called Strike
0-1: Swinging Strike
0-2: Ball
1-2: Ball
2-2: Strikes out swinging
Batting: RHB Joe LaDue 0-0: Ball
1-0: Foul Ball, location: 2F
1-1: Ball
2-1: Ground out U3 (Groundball, 13, EV 83.8 MPH)
Top of the 9th over - 2 runs, 2 hits, 0 errors, 0 left on base; Albuquerque 2 - Memphis 0
BOTTOM OF THE 9TH
Memphis Redbirds batting - Pitching for Albuquerque Isotopes : LHP Trevor Sharp
Pitching: RHP Jim Averette
Batting: RHB Danny Gallo 0-0: Swinging Strike
0-1: Swinging Strike
0-2: Ball
1-2: Strikes out looking
Batting: LHB Ichiro Toyota 0-0: Ball
1-0: Called Strike
1-1: DOUBLE (Flyball, 8LXD, EV 100.0 MPH)
Batting: RHB Mark Cahill 0-0: Ball
1-0: Foul Ball, location: 2F
1-1: Called Strike
1-2: Ball
2-2: Foul Ball, location: 2F
2-2: Foul Ball, location: 2F
2-2: Ball
3-2: SINGLE (Groundball, 34D, EV 103.1 MPH)
Ichiro Toyota to third
Batting: SHB Jason Kirby 0-0: Ball
1-0: Fly out, F7 (Flyball, 7, EV 91.2 MPH)
Batting: RHB Jose Rivera 0-0: Ball
1-0: Swinging Strike
1-1: Ball
2-1: Foul Ball, location: 2F
2-2: SINGLE (Line Drive, 56D, EV 101.2 MPH)
Ichiro Toyota scores
Mark Cahill to second
Batting: SHB Luke Robbins 0-0: Called Strike
0-1: Ball
1-1: Ball
2-1: Fly out, F5 (Popup, 5F, EV 66.9 MPH)
Bottom of the 9th over - 1 run, 3 hits, 0 errors, 2 left on base; Albuquerque 2 - Memphis 1
Tuesday, March 28th , 2023 - OOTP Baseball 23.10 Build 110